AoeStats
← SleekDust5880

Migration

509574688Analyzed
1v1 RM · 4d ago on Sep 27, 2026· 46m 25s· 2 players
Game mode
Random Map
Map size
132×132
Population
200
Speed
Normal
Resources
Standard
Victory
Conquest
Starting age
Dark Age
Ending age
Imperial Age
RankedLock teamsTeams togetherTeam positionsShared explorationLock speedFull tech treeHidden civsTurbo modeCheats
Victory
Defeat
🇦🇺 Mongols · Australia
548
+16
🇩🇪 Malay · Germany
548
-16
Fivesta
12:02 Feudal Age
11:43 Double-Bit Axe
11:54 Horse Collar
12:41 Fishing Lines
14:54 Wheelbarrow
14:08 Loom
20:33 Castle Age
20:27 Forging
20:10 Fletching
21:57 Squires
21:21 Pikeman
22:47 Bow Saw
26:44 Bow Saw
27:06 Redemption
27:17 Heavy Plow
28:04 Medium Warships
28:39 Gillnets
29:19 Hand Cart
32:36 Iron Casting
31:57 Bodkin Arrow
32:01 Stone Mining
32:02 Gold Mining
34:27 Careening
34:31 Masonry
34:43 Ballistics
34:13 Treadmill Crane
34:30 Murder Holes
34:49 Clinker Construction
34:34 Heated Shot
34:43 Heated Shot
38:05 Thalassocracy
40:15 Padded Archer Armor
40:25 Demolition Ship
41:41 Husbandry
SleekDust5880
10:47 Loom
13:23 Feudal Age
14:01 Double-Bit Axe
14:59 Fishing Lines
22:11 Castle Age
20:17 Arson
19:53 Man-at-Arms
22:32 Bloodlines
23:11 Long Swordsman
23:52 Squires
23:13 Pikeman
25:30 Gillnets
25:02 Demolition Ship
25:53 Medium Warships
26:19 Elite Skirmisher
30:21 Bow Saw
35:17 Imperial Age
34:25 Husbandry
33:46 Light Cavalry
35:28 Thumb Ring
34:44 Crossbowman
35:35 Town Watch
36:19 Capped Ram
37:33 Drill
43:19 Wheelbarrow
42:46 Town Patrol
43:10 Ballistics
43:51 Chemistry
42:48 Murder Holes
42:59 Siege Engineers
43:04 Masonry
46:27 Hand Cart
Connection lost

Rejoining the realm…

Still unreachable

The connection could not be restored.

Session expired

The server has moved on; the page needs a fresh start.